 Dungeon Crawl Stone Soup version 0.31-a0-986-g5e6e4ef867 (webtiles) character file.

Game seed: 6840591666080484111

65 gelatine the Trooper (level 3, -2/29 HPs)
             Began as a Demonspawn Fighter on Nov 23, 2023.
             Slain by an ogre
             ... wielding a +0 giant club
              (28 damage)
             ... on level 4 of the Dungeon.
             The game lasted 00:05:23 (2459 turns).

gelatine the Trooper (Demonspawn Fighter)           Turns: 2459, Time: 00:05:24

Health: -2/29      AC: 10    Str: 18    XL:     3   Next: 94%
Magic:  3/3        EV:  6    Int:  9    God:
Gold:   92         SH:  5    Dex: 12    Spells: 3/3 levels left

rFire   . . .        a - +0 war axe
rCold   . . .        c - +1 buckler
rNeg    . . .        b - +0 scale mail
rPois   .            (no helmet)
rElec   .            (no cloak)
rCorr   .            (no gloves)
SInv    .            (no boots)
Will    .....        n - amulet of regeneration Stlth
                     u - +4 ring of protection
HPRegen 1.04/turn    (no ring)
MPRegen 0.08/turn

%: no passive effects
@: silenced, constricted
A: powered by death 1
a: no special abilities


You were on level 4 of the Dungeon.
You visited 1 branch of the dungeon, and saw 4 of its levels.

You collected 92 gold pieces.

Inventory:

Hand Weapons
 a - a +0 war axe (weapon)
 s - the +7 quarterstaff "Qiuwev" {speed, Will+}
   (You found it on level 3 of the Dungeon)

   Will+:     It increases your willpower.
Missiles
 e - 5 poisoned darts
 f - 6 boomerangs (quivered)
Armour
 b - a +0 scale mail (worn)
 c - a +1 buckler (worn)
Jewellery
 n - an amulet of regeneration (around neck)
 u - a +4 ring of protection (left hand)
Wands
 r - a wand of mindburst (16)
Scrolls
 g - a scroll of teleportation
 l - a scroll of vulnerability {unknown}
 o - a scroll of identify {unknown}
 p - a scroll of poison {unknown}
 q - a scroll of summoning {unknown}
Potions
 d - 3 potions of might
 i - a potion of enlightenment {unknown}
 j - a potion of cancellation {unknown}
 m - a potion of berserk rage {unknown}
 t - a potion of curing {unknown}


   Skills:
 + Level 3.3 Fighting
 + Level 2.7 Axes
 + Level 3.0 Armour
 * Level 1.0 Dodging
 + Level 2.9 Shields
 * Level 0.5 Spellcasting


You had 3 spell levels left.
You didn't know any spells.
Your spell library was empty.

Dungeon Overview and Level Annotations

Branches:
Dungeon (4/15)
 Temple: D:4-7

Altars:


Innate Abilities, Weirdness & Mutations

You regenerate a little health from kills.


Message History

A profound silence engulfs you.
It was a scroll of silence.
Magic scrolls do not work when you're silenced!
Your surroundings suddenly seem different.
A goblin, a ball python, a black bear and a quokka come into view.
Found 4 gold pieces.
Found an escape hatch in the floor.
The quokka twitches its whiskers.
The goblin unwields a +0 club.
The goblin wields a +0 sling.
The goblin shoots a sling bullet.
The sling bullet hits you but does no damage.
An ogre comes into view. It is wielding a +0 giant club.
You closely miss the ball python. You block the ball python's attack.
The ball python grabs you. The ball python constricts you.
The ball python bites you but does no damage.
The ball python constricts you.
The goblin shoots a sling bullet.
The sling bullet hits you but does no damage.
Unknown command.
You escape the ball python's grasp.
The quokka completely misses you. You block the ball python's attack.
The ball python grabs you. The ball python constricts you.
The goblin shoots a sling bullet.
The sling bullet hits you but does no damage.
You block the quokka's attack. The ball python completely misses you.
The ball python constricts you.
The goblin shoots a sling bullet.
The sling bullet hits you but does no damage.
The quokka bites you.
You start removing your armour.
You continue taking off your +1 buckler.
HP restored.
The ball python bites you. The ball python constricts you.
The goblin shoots a sling bullet.
You block the sling bullet.
You continue taking off your +1 buckler.
The ball python closely misses you. The ball python constricts you.
The black bear bites you but does no damage.
The black bear barely misses you. You block the black bear's attack.
The goblin shoots a sling bullet.
The sling bullet hits you.
You continue taking off your +1 buckler.
The ball python bites you but does no damage.
The ball python constricts you.
The ogre hits you with a +0 giant club!!
Ouch! That really hurt!
You die...

#### ##...##
##.....####
#.........#
#.g...@$..#
#....OhS..#
#.....r.>.#
...........#
..........##
#..........
.#.........#
#.........#
.#........#


You could see a black bear (unsilenced), an ogre, a quokka, a goblin and a ball
python.

Vanquished Creatures
  2 adders (D:2)
  8 bats
  2 endoplasms (D:1)
  2 giant cockroaches
  5 hobgoblins
  4 quokkas
  9 ball pythons
  A frilled lizard (D:2)
  4 goblins
  4 kobolds
  4 rats
45 creatures vanquished.

Notes
Turn   | Place    | Note
-------+----------+-------------------------------------------
     0 | D:1      | gelatine the Demonspawn Fighter began the quest for the
                  | Orb.
     0 | D:1      | Reached XP level 1. HP: 18/18 MP: 1/1
   314 | D:1      | Gained mutation: You regenerate a little health from kills.
                  | [demonic ancestry]
   314 | D:1      | Reached XP level 2. HP: 16/24 MP: 2/2
   970 | D:2      | Found a faded altar of an unknown god.
  1110 | D:2      | Reached XP level 3. HP: 29/29 MP: 3/3
  1930 | D:3      | Identified the +7 quarterstaff "Qiuwev" {speed, Will+}
  2199 | D:3      | Reached skill level 1 in Dodging
  2452 | D:4      | Noticed a black bear
  2452 | D:4      | Noticed an ogre
  2459 | D:4      | Slain by an ogre

Illustrated notes

Levels and vault maps discovered:
D:1:      erik_arrival_cave_to_civilisation [erik_arrival_cave_to_hall],
          layout_basic
D:2:      layout_basic, ebering_ecumenical_altar_abandoned
D:3:      layout_basic
D:4:      layout_rooms, kennysheep_little_box, lemuel_coloured_pillars_altar,
          minmay_temple_entry_steel_oval, gup_sewer_entry_bubbles

Skill      XL: |  1  2  3 |
---------------+----------+-----
Axes           | 2 |  2.7
Armour         | 3 |  3.0
Dodging        | 1 |  1.0
Fighting       | |  3.3
Shields        | |  2.9
Spellcasting   | |  0.5

Action                     || total
---------------------------++-------
  Melee: War axe           ||   106
  Throw: Boomerang         ||     1
    Use: Scroll            ||     3
 Armour: Scale mail        ||    75
  Dodge: Dodged            ||    69
  Block: Buckler           ||    29

Table legend: (Time is in decaauts)
 A = Elapsed time spent in this place.
 B = Non-inter-level travel time spent in this place.
 C = Inter-level travel time spent in this place.
 D = Time resting spent in this place.
 E = Time spent auto-exploring this place.
 F = Levels seen in this place.
 G = Mean time per level.
                   A        B        C        D        E       F      G
               +--------+--------+--------+--------+--------+-----+--------+
         Total |   2502 |   2445 |     57 |      0 |   1976 |   4 |  625.5 |
       Dungeon |   2502 |   2445 |     57 |      0 |   1976 |   4 |  625.5 |
               +--------+--------+--------+--------+--------+-----+--------+

Top non-repeatable levels by time:
     D:1: 963 daAuts
     D:2: 869 daAuts
     D:3: 658 daAuts
     D:4: 11 daAuts
